 Dungeon Crawl Stone Soup version 0.32-a0-837-g8d3e27d251 (webtiles) character file.

Game seed: 17382607711514306369

45368 voshxx the Brawler (level 14, -1/157 HPs)
             Began as a Troll Shapeshifter on Mar 26, 2024.
             Was an Initiate of Gozag.
             Slain by Snorg (11 damage)
             ... while petrified by a basilisk
             ... on level 5 of the Lair of Beasts.
             The game lasted 00:21:29 (13362 turns).

voshxx the Brawler (Troll Shapeshifter)            Turns: 13362, Time: 00:21:30

Health: -1/157     AC: 14    Str: 34    XL:     14   Next: 0%
Magic:  13/13      EV:  1    Int:  6    God:    Gozag
Gold:   1036       SH:  0    Dex:  9    Spells: 13/13 levels left

rFire   + .          .
                       - Unarmed
rCold   + + .        (shield currently unavailable)
rNeg    + + +        a - melded +0 animal skin
rPois   ∞            (helmet currently unavailable)
rElec   +            (cloak currently unavailable)
rCorr   +            (gloves unavailable)
SInv    .            (boots unavailable)
Will    +....        (no amulet)
Stlth   +            O - +4 ring of protection
HPRegen 1.26/turn    p - ring of protection from cold
MPRegen 0.13/turn

%: no passive effects
@: snake-form, resistant, petrified, gold aura, invisible
A: constrict, boosted hp, large, unfitting armour, (claws 3), regeneration 1,
(shaggy fur 1), (tough skin 1)
a: Begin Untransformation, Renounce Religion, Potion Petition, Call Merchant,
Bribe Branch


You were on level 5 of the Lair of Beasts.
You worshipped Gozag.
Gozag was most pleased with you.
You were an enormous serpent.
You visited 3 branches of the dungeon, and saw 18 of its levels.

You collected 3804 gold pieces.
You spent 215 gold pieces at shops.
You paid 2553 gold pieces to Gozag.

Inventory:

Missiles
 A - 2 throwing nets (quivered)
Armour
 a - a +0 animal skin (melded)
Jewellery
 k - a ring of see invisible
 p - a ring of protection from cold (right hand)
 z - a ring of flight
 H - a ring of fire
 O - a +4 ring of protection (left hand)
Talismans
 c - a beast talisman
 d - a flux talisman
 u - a serpent talisman (active)
Wands
 l - a wand of flame (26)
 x - a wand of iceblast (7)
 G - a wand of acid (1)
Scrolls
 b - 3 scrolls of enchant armour
 f - a scroll of acquirement {unknown}
 h - a scroll of brand weapon {unknown}
 i - 9 scrolls of teleportation
 m - 10 scrolls of identify {unknown}
 q - 3 scrolls of noise {unknown}
 t - 3 scrolls of fog {unknown}
 w - 5 scrolls of poison
 y - 2 scrolls of butterflies {unknown}
 B - 2 scrolls of immolation {unknown}
 C - 3 scrolls of torment {unknown}
 F - 2 scrolls of blinking {unknown}
 I - a scroll of vulnerability {unknown}
 J - a scroll of silence {unknown}
 K - 2 scrolls of enchant weapon {unknown}
 L - 5 scrolls of revelation {unknown}
 M - a scroll of amnesia {unknown}
 Q - 2 scrolls of fear
Potions
 e - 3 potions of enlightenment {unknown}
 g - 3 potions of degeneration {unknown}
 j - 3 potions of haste
 n - 2 potions of cancellation {unknown}
 o - 6 potions of attraction
 r - 2 potions of curing {unknown}
 s - 2 potions of brilliance {unknown}
 v - 2 potions of magic {unknown}
 D - 4 potions of heal wounds {unknown}
 E - 6 potions of mutation {unknown}
 P - 2 potions of berserk rage {unknown}


   Skills:
 + Level 6.3 Fighting
 - Level 6.0 Dodging
 + Level 18.4 Unarmed Combat
 - Level 1.8 Evocations
 + Level 11.9 Shapeshifting


You had 13 spell levels left.
You didn't know any spells.
Your spell library contained the following spells:

 Spells                   Type           Power      Damage    Failure   Level
 Freeze                   Ice            0%         1d3       45%         1
 Cigotuvi's Dreadful Rot  Necr/Alch/Air  0%         N/A       58%         2
 Call Canine Familiar     Summ           0%         N/A       83%         3
 Frozen Ramparts          Ice            0%         1d1       83%         3
 Hailstorm                Conj/Ice       0%         3d5       83%         3
 Sigil of Binding         Hex            0%         N/A       83%         3
 Dimensional Bullseye     Hex/Tloc       0%         N/A       99%         4
 Dispel Undead            Necr           0%         3d6       99%         4
 Manifold Assault         Tloc           0%         N/A       99%         4
 Martyr's Knell           Necr/Summ      0%         N/A       99%         4
 Dispersal                Tloc           0%         N/A       100%        6
 Haunt                    Necr/Summ      0%         N/A       100%        7
 Borgnjor's Revivificati  Necr           0%         N/A       100%        8
 Disjunction              Tloc           0%         N/A       100%        8
 Death's Door             Necr           0%         N/A       100%        9


Dungeon Overview and Level Annotations

Branches:
Dungeon (12/15)            Temple (1/1) D:7            Lair (5/5) D:11
  Swamp (0/4) Lair:2        Slime (0/5) Lair:4          Orc (0/2) D:12
  Snake: Lair:2-3    Spider: Lair:2-3

Altars:
Ashenzari
Cheibriados
Dithmenos
Elyvilon
Fedhas
Gozag
Hepliaklqana
Kikubaaqudgha
Makhleb
Nemelex Xobeh
Okawaru
Qazlal
Ru
Sif Muna
Trog
Uskayaw
Vehumet
Wu Jian
Xom
Yredelemnul
Zin
The Shining One
Jiyva
Lugonu

Shops:
D:5 [   Lair:3 ***

Annotations:
Lair:5 Snorg


Innate Abilities, Weirdness & Mutations

You are an enormous serpent.
You have a powerful constriction melee attack.
Your maximum health is increased.
Your armour is entirely melded.
You are incapable of wielding weapons or throwing items.
You are too large for most types of armour.
((You have claws for hands.))
Your natural rate of healing is unusually fast.
((You are covered in fur. (AC +1)))
((You have tough skin. (AC +1)))


Message History

You easily resist.
The basilisk bites you.
* * * LOW HITPOINT WARNING * * *
The steam dragon bites you but does no damage.
The steam dragon claws you but does no damage.
The elephant tramples you but does no damage.
The elephant trunk-slaps you.
The molten gargoyle blasts magma at you!
The bolt of magma hits the basilisk!!
The bolt of magma hits you!! You partially resist.
* * * LOW HITPOINT WARNING * * *
Snorg bites you.
* * * LOW HITPOINT WARNING * * *
Snorg claws you.
* * * LOW HITPOINT WARNING * * *
Snorg claws you but does no damage.
The basilisk bites you but does no damage.
The elephant tramples you but does no damage.
The elephant trunk-slaps you but does no damage.
The steam dragon bites you but does no damage.
The steam dragon claws you but does no damage.
Snorg bites you but does no damage. Snorg claws you.
* * * LOW HITPOINT WARNING * * *
Snorg claws you but does no damage. Snorg bites you!
* * * LOW HITPOINT WARNING * * *
Snorg claws you but does no damage. Snorg claws you. The elephant tramples you!
* * * LOW HITPOINT WARNING * * *
You hold your ground!
The elephant trunk-slaps you but does no damage.
The steam dragon bites you but does no damage.
The steam dragon claws you but does no damage.
The basilisk bites you but does no damage.
The steam dragon stops moving altogether!
The molten gargoyle blasts magma at you!
The bolt of magma hits the basilisk!
The basilisk dies!
The bolt of magma hits you. You partially resist.
* * * LOW HITPOINT WARNING * * *
Snorg bites you!!
You die...
Your body crumbles into a pile of gold.

#..P.###.###.#...###
##...#...######)..#
##....P...##.#..#.##
...............##.#
####...#....#.##.##
#$$######......##
#kl9# ##.#.#..#
#D$## #####.## #S##
##..## #YT# #...P#
#Y## #P..## #Y.
#P...# #.. ##..##
..## #..P# #..
##..## #.# ####P.#.#
..#.P#...##


You could see Snorg (berserk, unable to see you), 3 elephants, a basilisk
(unable to see you), a molten gargoyle (unable to see you), a steam dragon
(petrified, unable to see you) and a wyvern (unable to see you).

Vanquished Creatures
  Jorgrun (D:12)
  A dire elephant (Lair:1)
  A hydra (Lair:5)
  An alligator (Lair:1)
  4 two-headed ogres
  3 boulder beetles
  A death yak (Lair:1)
  Sonja (Lair:4)
  2 skysharks (Lair:3)
  Pikel (D:7)
  A lindwurm (Lair:5)
  A deep elf pyromancer (D:9)
  2 manticores
  A cyclops (D:12)
  8 black mambas
  10 elephants
  2 torpor snails
  A molten gargoyle (Lair:5)
  10 cane toads
  Joseph (D:7)
  A gargoyle (D:11)
  3 rime drakes
  3 kobold demonologists (D:12)
  Psyche (D:12)
  5 komodo dragons
  A hornet (Lair:1)
  A troll (D:12)
  10 blink frogs
  A polar bear (Lair:1)
  3 shadows
  6 wyverns
  6 wraiths
  46 yaks
  3 basilisks
  12 vampire mosquitoes
  8 water moccasins
  3 acid dragons
  Duvessa (D:7)
  5 orc warriors
  An ice beast (D:4)
  A wolf (Lair:1)
  An ogre (D:5)
  A lemure (D:7)
  12 centaurs
  4 kobold brigands
  13 bullfrogs
  A gnoll sergeant (D:7)
  3 scorpions
  4 wights
  Dowan (D:7)
  19 killer bees
  7 howler monkeys
  2 jellies
  2 bombardier beetles
  4 orc priests
  7 hounds
  Crazy Yiuf (D:4)
  Natasha (D:2)
  3 iguanas (D:5)
  9 orc wizards
  14 hell rats
  13 gnolls
  8 adders
  2 shadow imps (D:6)
  A white imp (D:6)
  4 ufetubi (D:6)
  3 dart slugs
  2 ribbon worms (D:2)
  44 orcs
  8 bats
  11 endoplasms
  A giant cockroach (D:4)
  10 goblins
  11 hobgoblins
  6 jackals
  2 quokkas
  4 ball pythons
  A frilled lizard (D:2)
  22 kobolds
  3 rats
439 creatures vanquished.

Vanquished Creatures (others)
  A basilisk (Lair:5)
1 creature vanquished.

Grand Total: 440 creatures vanquished

Notes
Turn   | Place    | Note
-------+----------+-------------------------------------------
     0 | D:1      | voshxx the Troll Shapeshifter began the quest for the Orb.
     0 | D:1      | Reached XP level 1. HP: 18/18 MP: 0/0
    34 | D:1      | Reached skill level 1 in Fighting
    66 | D:1      | Found a faded altar of an unknown god.
   221 | D:1      | Reached XP level 2. HP: 26/27 MP: 1/1
   436 | D:1      | Reached XP level 3. HP: 33/33 MP: 2/2
   958 | D:2      | Noticed Natasha
   964 | D:2      | Killed Natasha
   987 | D:2      | Reached XP level 4. HP: 40/41 MP: 3/3
  1244 | D:2      | Reached skill level 4 in Unarmed Combat
  1584 | D:3      | Found a shimmering blue altar of Sif Muna.
  1657 | D:3      | Found a burning altar of Makhleb.
  1673 | D:3      | Found a sacrificial altar of Ru.
  1964 | D:3      | Found a hazy altar of Hepliaklqana.
  1972 | D:3      | Found an ancient bone altar of Kikubaaqudgha.
  2056 | D:3      | Found a sparkling altar of Nemelex Xobeh.
  2146 | D:4      | Reached XP level 5. HP: 45/48 MP: 4/4
  2215 | D:4      | Found a runed translucent door.
  2216 | D:4      | Noticed Crazy Yiuf
  2378 | D:4      | Reached skill level 5 in Unarmed Combat
  2392 | D:4      | Noticed an ice beast
  2395 | D:4      | Reached XP level 6. HP: 27/55 MP: 5/5
  2426 | D:4      | Killed an ice beast
  2554 | D:4      | Reached skill level 6 in Unarmed Combat
  2749 | D:4      | Killed Crazy Yiuf
  2815 | D:5      | Entered Level 5 of the Dungeon
  2978 | D:5      | Found a radiant altar of Vehumet.
  3054 | D:5      | Reached XP level 7. HP: 63/63 MP: 6/6
  3121 | D:5      | Reached skill level 7 in Unarmed Combat
  3147 | D:5      | Found an opulent altar of Gozag.
  3187 | D:5      | Found a blossoming altar of Fedhas.
  3279 | D:5      | Found Tuaduhas's Antique Armour Shoppe.
  3429 | D:6      | Reached skill level 5 in Shapeshifting
  3489 | D:6      | Found a broken altar of Ashenzari.
  3569 | D:6      | Reached skill level 8 in Unarmed Combat
  3585 | D:6      | Reached XP level 8. HP: 39/72 MP: 7/7
  4244 | D:7      | Found a staircase to the Ecumenical Temple.
  4258 | D:7      | Reached skill level 9 in Unarmed Combat
  4277 | Temple   | Entered the Ecumenical Temple
  4400 | D:5      | Became a worshipper of Gozag Ym Sagoz the Greedy
  4469 | D:7      | Found a white marble altar of Elyvilon.
  4599 | D:7      | Noticed Joseph
  4608 | D:7      | Killed Joseph
  4609 | D:7      | Reached skill level 10 in Unarmed Combat
  4609 | D:7      | Reached XP level 9. HP: 39/80 MP: 8/8
  4927 | D:7      | Found an iron altar of Okawaru.
  5075 | D:7      | Found a shadowy altar of Dithmenos.
  5100 | D:7      | Noticed Duvessa
  5105 | D:7      | Killed Duvessa
  5105 | D:7      | Noticed Dowan
  5109 | D:7      | Killed Dowan
  5143 | D:7      | Noticed Pikel
  5155 | D:7      | Killed Pikel
  5156 | D:7      | Reached skill level 11 in Unarmed Combat
  6023 | D:8      | Found a glowing golden altar of the Shining One.
  6189 | D:9      | Reached skill level 12 in Unarmed Combat
  6189 | D:9      | Reached XP level 10. HP: 83/91 MP: 9/9
  6541 | D:9      | Noticed a two-headed ogre
  6543 | D:9      | Noticed a deep elf pyromancer
  6547 | D:9      | Killed a two-headed ogre
  6551 | D:9      | Killed a deep elf pyromancer
  6925 | D:9      | Reached skill level 13 in Unarmed Combat
  7131 | D:10     | Entered Level 10 of the Dungeon
  7618 | D:10     | Found a basalt altar of Yredelemnul.
  7677 | D:10     | Identified the +0 leather armour of Summer {Int+3}
  7774 | D:11     | Noticed a boulder beetle
  7790 | D:11     | Killed a boulder beetle
  7988 | D:11     | Noticed a two-headed ogre
  7994 | D:11     | Killed a two-headed ogre
  7995 | D:11     | Reached XP level 11. HP: 93/101 MP: 10/10
  8026 | D:11     | Found a staircase to the Lair.
  8160 | D:11     | Reached skill level 14 in Unarmed Combat
  8611 | D:11     | Reached skill level 5 in Fighting
  9007 | D:12     | Noticed a two-headed ogre
  9018 | D:12     | Killed a two-headed ogre
  9019 | D:12     | Reached skill level 15 in Unarmed Combat
  9154 | D:12     | Noticed a two-headed ogre
  9161 | D:12     | Killed a two-headed ogre
  9415 | D:12     | Noticed Jorgrun
  9422 | D:12     | Killed Jorgrun
  9423 | D:12     | Reached XP level 12. HP: 111/111 MP: 11/11
  9443 | D:12     | Noticed Psyche
  9449 | D:12     | Killed Psyche
  9499 | D:12     | Reached skill level 10 in Shapeshifting
  9770 | D:12     | Found a staircase to the Orcish Mines.
  9905 | D:12     | Found a corrupted altar of Lugonu.
 10001 | Lair:1   | Entered Level 1 of the Lair of Beasts
 10074 | Lair:1   | Reached skill level 16 in Unarmed Combat
 10171 | Lair:1   | Reached skill level 1 in Evocations
 10523 | Lair:1   | Noticed a death yak
 10523 | Lair:1   | Noticed an alligator
 10523 | Lair:1   | Noticed a dire elephant
 10532 | Lair:1   | Killed an alligator
 10537 | Lair:1   | Killed a death yak
 10553 | Lair:1   | Killed a dire elephant
 11046 | Lair:2   | Reached skill level 5 in Dodging
 11046 | Lair:2   | Reached XP level 13. HP: 74/113 MP: 12/12
 11147 | Lair:2   | Found a staircase to the Swamp.
 11236 | Lair:2   | Reached skill level 17 in Unarmed Combat
 11319 | Lair:2   | You fall into a shaft and drop 1 floor!
 12097 | Lair:3   | Bought a scroll of fear for 40 gold pieces
 12097 | Lair:3   | Bought a potion of haste for 100 gold pieces
 12097 | Lair:3   | Bought a scroll of enchant armour for 75 gold pieces
 12413 | Lair:4   | Identified the +5 quarterstaff of Defiance {protect, rF+
                  | Str-3 Dex+2}
 12458 | Lair:4   | Noticed Sonja
 12470 | Lair:4   | Killed Sonja
 12686 | Lair:4   | Reached skill level 18 in Unarmed Combat
 12900 | Lair:4   | Found a viscous altar of Jiyva.
 12900 | Lair:4   | Found a staircase to the Slime Pits.
 13130 | Lair:5   | Entered Level 5 of the Lair of Beasts
 13330 | Lair:5   | Noticed Snorg
 13350 | Lair:5   | Reached XP level 14. HP: 131/131 MP: 13/13
 13362 | Lair:5   | Slain by Snorg

Illustrated notes

Levels and vault maps discovered:
D:1:      minmay_arrival_doors, layout_basic, chequers_ecumenical_altar_grove
D:2:      minmay_angry_zag, layout_loops_ring, uniq_natasha
D:3:      layout_basic, general_overflow_altar, mainiacjoe_overflow_brackets,
          grunt_temple_overflow_open, mainiacjoe_overflow_big_doors
D:4:      layout_basic, uniq_crazy_yiuf_cottage
D:5:      layout_basic, grunt_gozag_breadcrumbs,
          mainiacjoe_overflow_cross_hatched,
          mainiacjoe_overflow_surrounded_room, serial_shops, shop
D:6:      layout_cave_pods, cheibrodos_ashenzari_chains, grunt_ministairs_13
D:7:      layout_loops_corners, kennysheep_okawaru_gauntlet,
          mainiacjoe_overflow_catwalk, elyvilon_altar_5,
          minmay_temple_entry_large_hall, nrook_mini_vaults, uniq_pikel,
          uniq_joseph, uniq_duvessa
D:8:      layout_rooms, tso_oasis_becter
D:9:      kennysheep_big_flooded_room, layout_stronghold, serial_park_tiny_1,
          kennysheep_generic_room_7
D:10:     layout_rooms, mainiacjoe_overflow_alcove_2
D:11:     layout_irregular_city, lair_entry_dummy
D:12:     layout_loops_cross, hiddenorc1_lemuel, marbit_kobold_abyssish,
          uniq_jorgrun, uniq_psyche
Temple:   nicolae_temple_great_sept
Lair:1:   layout_long_grid, enter_volcano_1, nicolae_lair_lakeside_cave
Lair:2:   layout_regular_city, swamp_mist, spider_nest_entry_funnel_web,
          grunt_forest_large_clearing_hut
Lair:3:   layout_loops_ring, grunt_megastairs_1
Lair:4:   layout_cellular_growth, dpeg_slime_entry_corner, uniq_sonja
Lair:5:   cheibrodos_lair_end_hotspot, layout_gridlike, minmay_lair_drake_nest,
          uniq_snorg

Skill      XL: |  1  2  3  4  5  6  7  8  9 10 11 12 13 |
---------------+----------------------------------------+-----
Fighting       | 1 2 3 4 5 6 |  6.3
Shapeshifting  | 4 5 6 7 8 9 10 11 | 11.9
Unarmed Combat | 4 5 6 8 10 12 13 15 16 18 | 18.4
Dodging        | 2 5 6 |  6.0
Evocations     | 1 |  1.8

Action                     |  1- 3 |  4- 6 |  7- 9 | 10-12 | 13-15 || total
---------------------------+-------+-------+-------+-------+-------++-------
  Melee: Unarmed           |    68 |   139 |   225 |   419 |   257 ||  1108
         Punch             |     1 |     3 |     1 |     3 |     3 ||    11
         Constrict         |       |       |    45 |    82 |    43 ||   170
 Invoke: Call Merchant     |       |       |       |       |     3 ||     3
         Potion Petition   |       |       |       |       |     1 ||     1
  Evoke: Wand              |       |       |     2 |    19 |     3 ||    24
    Use: Potion            |       |       |     1 |     4 |       ||     5
         Scroll            |       |       |     1 |     1 |       ||     2
   Stab: Distracted        |       |       |     1 |     2 |       ||     3
 Armour: Animal skin       |    46 |    95 |       |       |       ||   141
         Skin              |       |       |   184 |   416 |   259 ||   859
  Dodge: Dodged            |    19 |    59 |   100 |   177 |   112 ||   467
   Form: Serpent           |       |       |     1 |       |       ||     1

Table legend: (Time is in decaauts)
 A = Elapsed time spent in this place.
 B = Non-inter-level travel time spent in this place.
 C = Inter-level travel time spent in this place.
 D = Time resting spent in this place.
 E = Time spent auto-exploring this place.
 F = Levels seen in this place.
 G = Mean time per level.
                   A        B        C        D        E       F      G
               +--------+--------+--------+--------+--------+-----+--------+
         Total |  13128 |  12472 |    656 |    392 |   9937 |  18 |  729.3 |
       Dungeon |   9817 |   9255 |    562 |    308 |   7429 |  12 |  818.1 |
        Temple |     33 |     26 |      7 |      0 |      0 |   1 |   33.0 |
          Lair |   3277 |   3190 |     87 |     84 |   2508 |   5 |  655.4 |
               +--------+--------+--------+--------+--------+-----+--------+

Top non-repeatable levels by time:
     D:7: 1315 daAuts
    D:12: 1090 daAuts
    D:11: 1082 daAuts
     D:9: 1027 daAuts
  Lair:4: 1000 daAuts
  Lair:1: 958 daAuts
     D:1: 909 daAuts
     D:6: 832 daAuts
  Lair:3: 776 daAuts
     D:4: 686 daAuts
     D:2: 664 daAuts
     D:5: 622 daAuts
    D:10: 612 daAuts
     D:3: 539 daAuts
     D:8: 435 daAuts
